 Dungeon Crawl Stone Soup version 0.29.1-1-gd02db6906a (webtiles) character file.

Game seed: 14635460741082638453

78 Earthwalker the Covered (level 4, -2/40 HPs)
             Began as a Minotaur Fighter on Oct 14, 2022.
             Succumbed to Ijyb's poison
             ... on level 3 of the Dungeon.
             The game lasted 00:02:59 (1242 turns).

Earthwalker the Covered (Minotaur Fighter)          Turns: 1242, Time: 00:03:00

Health: -2/40      AC:  7    Str: 22    XL:     4   Next: 15%
Magic:  3/3        EV: 10    Int:  5    God:
Gold:   63         SH:  4    Dex: 10    Spells: 3/3 levels left

rFire   . . .      SeeInvis .   a - +0 trident
rCold   . . .      Faith    .   c - +0 buckler
rNeg    . . .      Spirit   .   b - +0 scale mail
rPois   .          Reflect  .   (helmet restricted)
rElec   .          Harm     .   (no cloak)
rCorr   .          Rampage  .   (no gloves)
Will    .....                   (no boots)
Stlth   ..........              (no amulet)
HPRegen 0.13/turn               (no ring)
MPRegen 0.08/turn               (no ring)

@: lethally poisoned (-2 -> -32)
A: horns 2, retaliatory headbutt
a: no special abilities


You were on level 3 of the Dungeon.
You visited 1 branch of the dungeon, and saw 3 of its levels.

You collected 63 gold pieces.

Inventory:

Hand Weapons
 a - a +0 trident (weapon)
Missiles
 h - 13 poisoned darts (quivered)
Armour
 b - a +0 scale mail (worn)
 c - a +0 buckler (worn)
Jewellery
 e - an amulet of magic regeneration
Scrolls
 g - 2 scrolls of teleportation {unknown}
 i - a scroll of amnesia {unknown}
Potions
 d - a potion of might
 f - a potion of haste {unknown}
 j - a potion of berserk rage {unknown}


   Skills:
 * Level 4.2 Fighting
 * Level 3.2 Polearms
 * Level 4.2 Armour
 * Level 1.6 Dodging
 * Level 4.2 Shields


You had 3 spell levels left.
You didn't know any spells.
Your spell library contained the following spells:

 Spells                   Type           Power      Damage    Failure   Level
 Corpse Rot               Necr/Pois/Air  0%         N/A       100%        4
 Dispel Undead            Necr           0%         3d6       100%        4
 Death Channel            Necr           0%         N/A       100%        6


Dungeon Overview and Level Annotations

Branches:
Dungeon (3/15)

Altars:

Annotations:
D:2 Sigmund
D:3 Ijyb


Innate Abilities, Weirdness & Mutations

You have a pair of horns on your head.
You reflexively headbutt those who attack you in melee.


Message History

You are poisoned.
The kobold throws a poisoned dart.
The poisoned dart barely misses you.
The poisoned dart hits Ijyb!
Ijyb is poisoned.
Ijyb hits you but does no damage.
You puncture Ijyb!
Ijyb is heavily wounded.
You feel very sick. You block Ijyb's attack.
The kobold throws a poisoned dart.
The poisoned dart hits you!
You are more poisoned.
You hit Ijyb but do no damage.
Ijyb is heavily wounded.
You feel very sick. Ijyb hits you but does no damage.
You are more poisoned.
You hit Ijyb but do no damage. Your headbutt misses Ijyb.
Ijyb is severely wounded.
You feel extremely sick. Ijyb screams, "I no like you!"
You block Ijyb's attack.
You closely miss Ijyb. Your headbutt misses Ijyb.
Ijyb is severely wounded.
You feel very sick. The kobold hits you but does no damage.
Ijyb screams, "You nasty!
Big nasty!"
Ijyb hits you with a +0 dagger of venom.
You are lethally poisoned!
The kobold barely misses you.
Ijyb hits you with a +0 dagger of venom.
You are more poisoned.
You barely miss Ijyb.
Ijyb is severely wounded.
* * * LOW HITPOINT WARNING * * *
You feel extremely sick. Ijyb hits you but does no damage.
You are more poisoned.
The kobold barely misses you.
You hit Ijyb but do no damage.
Ijyb is severely wounded.
You die...

.# #...# .#######...#
..#.......# #...#####.##
##..# #..# #.# ##.##
#.#####...# #.K........#
##.@^........#######
#....g.......#........
....##......##.#######.#
... #......# h# ###.# ..
#.....##...# #.... .
...#### .## #.... ...# .
#...( ...# ##....
####..)..


You could see Ijyb (poisoned) and a kobold.

Vanquished Creatures
  Terence (D:2)
  An adder (D:2)
  An endoplasm (D:3)
  7 goblins
  4 hobgoblins (D:1)
  6 jackals
  A quokka (D:2)
  5 ball pythons (D:1)
  3 bats (D:1)
  6 kobolds
  7 rats
42 creatures vanquished.

Notes
Turn   | Place    | Note
-------+----------+-------------------------------------------
     0 | D:1      | Earthwalker the Minotaur Fighter began the quest for the
                  | Orb.
     0 | D:1      | Reached XP level 1. HP: 19/19 MP: 0/0
   110 | D:1      | Reached XP level 2. HP: 25/27 MP: 1/1
   308 | D:1      | Reached skill level 1 in Dodging
   506 | D:1      | Reached XP level 3. HP: 33/33 MP: 2/2
   744 | D:2      | Noticed Sigmund
   913 | D:2      | Noticed Terence
   918 | D:2      | Killed Terence
  1052 | D:2      | Reached XP level 4. HP: 40/40 MP: 3/3
  1232 | D:3      | Noticed Ijyb
  1242 | D:3      | Succumbed to Ijyb's poison

Illustrated notes

Levels and vault maps discovered:
D:1:      reono_arrival_forest_river, layout_basic, minmay_pentomino_r2
D:2:      layout_rooms, uniq_terence, uniq_sigmund
D:3:      layout_rooms, okawaru_ov_weapons_minmay, nrook_loot_triangle,
          minmay_large_rounded_square, uniq_crazy_yiuf_cottage, uniq_ijyb

Skill      XL: |  1  2  3 |
---------------+----------+-----
Dodging        | 1 |  1.6
Shields        | 4 |  4.2
Armour         | 4 |  4.2
Fighting       | 4 |  4.2
Polearms       | 3 |  3.2

Action                   |  1- 3 |  4- 6 || total
-------------------------+-------+-------++-------
Melee: Trident           |    69 |    21 ||    90
       Headbutt          |     9 |     1 ||    10
Throw: Dart              |     1 |       ||     1
Armor: Scale mail        |    22 |     5 ||    27
Dodge: Dodged            |    23 |     7 ||    30
Block: Buckler           |    10 |     3 ||    13
